 Dungeon Crawl Stone Soup version 0.31-a0-986-g5e6e4ef867 (webtiles) character file.

Game seed: 14309979247033345518

103 LeprechaunX the Changeling (level 4, -2/43 HPs)
             Began as an Octopode Shapeshifter on Nov 8, 2023.
             Slain by BadtimePacifist's ghost (6 damage)
             ... on level 3 of the Dungeon on Nov 9, 2023.
             The game lasted 00:04:17 (2475 turns).

LeprechaunX the Changeling (Octopode Shapeshifter)  Turns: 2475, Time: 00:04:18

Health: -2/43      AC: 22    Str: 13    XL:     4   Next: 79%
Magic:  4/4        EV:  2    Int: 12    God:
Gold:   88         SH:  0    Dex: 13    Spells: 0/3 levels left

rFire   . .          .
                       - Unarmed
rCold   . . .        (no shield)
rNeg    . . .        (helmet currently unavailable)
rPois   +            (no amulet)
rElec   .            (no ring)
rCorr   .            (no ring)
SInv    .            (no ring)
Will    .....        (no ring)
Stlth   +            (no ring)
HPRegen 0.27/turn    (no ring)
MPRegen 0.09/turn    (no ring)
                     (no ring)

%: no passive effects
@: tree-form
A: stationary, stasis, torment immunity, boosted hp, almost no armour,
(amphibious), 8 rings, (camouflage 1), (gelatinous body 1), (nimble swimmer 1),
(tentacles)
a: no special abilities


You were on level 3 of the Dungeon.
You were a tree.
You visited 1 branch of the dungeon, and saw 3 of its levels.

You collected 88 gold pieces.

Inventory:

Hand Weapons
 a - a +0 sling
Missiles
 n - 6 darts of dispersal (quivered)
Jewellery
 s - an amulet of magic regeneration
Talismans
 b - a beast talisman (active)
 c - a flux talisman
 l - a storm talisman
Scrolls
 g - a scroll of torment {unknown}
 j - a scroll of noise {unknown}
 k - 2 scrolls of teleportation {unknown}
 m - 2 scrolls of identify {unknown}
 q - a scroll of fear {unknown}
Potions
 d - 2 potions of magic {unknown}
 e - a potion of brilliance {unknown}
 f - a potion of enlightenment {unknown}
 h - a potion of cancellation {unknown}
 o - a potion of curing {unknown}
 p - a potion of heal wounds {unknown}
 r - a potion of berserk rage {unknown}


   Skills:
 + Level 2.1 Fighting
 - Level 2.0 Dodging
 + Level 3.6 Unarmed Combat
 + Level 0.4 Spellcasting
 + Level 0.4 Ice Magic
 * Level 4.1 Shapeshifting


You couldn't memorise any spells.
You knew the following spells:

 Your Spells              Type           Power      Damage    Failure   Level
a - Ozocubu's Armour      Ice            1%         N/A       63%         3

Your spell library contained the following spells:

 Spells                   Type           Power      Damage    Failure   Level
 Magic Dart               Conj           0%         1d3       32%         1
 Necrotise                Necr           0%         1d4       32%         1
 Searing Ray              Conj           0%         2d4       43%         2
 Summon Guardian Golem    Hex/Summ       0%         N/A       67%         3
 Vampiric Draining        Necr           0%         2d6       67%         3
 Fulminant Prism          Conj/Hex       0%         3d5       97%         4
 Agony                    Necr           0%         N/A       100%        5
 Ozocubu's Refrigeration  Ice            0%         4d7       100%        7
 Polar Vortex             Ice            0%         N/A       100%        9
 Animate Armour           Summ/Erth      Unusable   N/A       N/A         4

Dungeon Overview and Level Annotations

Branches:
Dungeon (3/15)

Altars:
Uskayaw

Shops:
D:3 !

Annotations:
D:3 BadtimePacifist's ghost, weakling GrGl


Innate Abilities, Weirdness & Mutations

You are a tree.
Your roots penetrate the ground, keeping you stationary.
You cannot be teleported.
You are immune to unholy pain and torment.
Your maximum health is greatly increased.
You cannot wear most types of armour.
((You are amphibious.))
You can wear up to eight rings at the same time.
((Your skin changes colour to match your surroundings (Stealth+).))
((Your rubbery body absorbs attacks. (AC +1, EV +1)))
((You are camouflaged when in or above water. (Stealth+)))
((You have tentacles for arms and can constrict up to eight enemies at once.))


Message History

BadtimePacifist's ghost hits you but does no damage.
You hit BadtimePacifist's ghost.
BadtimePacifist's ghost is heavily damaged.
BadtimePacifist's ghost hits you but does no damage.
You completely miss BadtimePacifist's ghost.
BadtimePacifist's ghost is heavily damaged.
BadtimePacifist's ghost hits you.
You miss BadtimePacifist's ghost.
BadtimePacifist's ghost is heavily damaged.
BadtimePacifist's ghost completely misses you.
You smack BadtimePacifist's ghost!
BadtimePacifist's ghost is almost destroyed.
BadtimePacifist's ghost hits you.
* * * LOW HITPOINT WARNING * * *
You barely miss BadtimePacifist's ghost.
BadtimePacifist's ghost is almost destroyed.
BadtimePacifist's ghost hits you but does no damage.
You closely miss BadtimePacifist's ghost.
BadtimePacifist's ghost is almost destroyed.
BadtimePacifist's ghost hits you but does no damage.
You hit BadtimePacifist's ghost but do no damage.
BadtimePacifist's ghost is almost destroyed.
You closely miss BadtimePacifist's ghost.
BadtimePacifist's ghost is almost destroyed.
BadtimePacifist's ghost hits you!
* * * LOW HITPOINT WARNING * * *
You closely miss BadtimePacifist's ghost.
BadtimePacifist's ghost is almost destroyed.
BadtimePacifist's ghost hits you but does no damage.
You hit BadtimePacifist's ghost but do no damage.
BadtimePacifist's ghost is almost destroyed.
BadtimePacifist's ghost hits you.
* * * LOW HITPOINT WARNING * * *
You closely miss BadtimePacifist's ghost.
BadtimePacifist's ghost is almost destroyed.
BadtimePacifist's ghost hits you but does no damage.
You hit BadtimePacifist's ghost but do no damage.
BadtimePacifist's ghost is almost destroyed.
BadtimePacifist's ghost hits you.
You die...

.....#####.####.#####.###.#.###..
#.##....<..# #..>........#.###.#
#.########## ##................#
#.# #.#######).#.##### #.# #.#
#..#...... #.# #.# #..#######
#.######### ##.## #..# #
#.........# #...# ###..# #
#########.# #.♣.# ##.#..# # #.#
##W## #(....# # #.# #.~.# ##.##.#
## #.# #.~.# #.##.######. #.#
#.~.# #.##.......# ##.# #.~.#
#.#########. #..# #.?.# #.# ##
#.## ###### #.# # ##.#####...#
#.# #


You could see BadtimePacifist's ghost.

Vanquished Creatures
  Terence (D:2)
  2 adders (D:3)
  A worm (D:3)
  A dart slug (D:3)
  6 ball pythons
  6 bats
  8 endoplasms
  2 giant cockroaches
  4 goblins
  3 hobgoblins
  6 jackals
  3 kobolds
  3 quokkas (D:3)
  3 frilled lizards
  4 rats
53 creatures vanquished.

Notes
Turn   | Place    | Note
-------+----------+-------------------------------------------
     0 | D:1      | LeprechaunX the Octopode Shapeshifter began the quest for
                  | the Orb.
     0 | D:1      | Reached XP level 1. HP: 13/13 MP: 1/1
   219 | D:1      | Reached XP level 2. HP: 18/18 MP: 2/2
   333 | D:1      | Found Nuafisoacho's Antique Armour Shoppe.
   669 | D:1      | Reached XP level 3. HP: 17/23 MP: 3/3
   902 | D:2      | Identified the of Idimog
   933 | D:2      | Noticed Terence
   941 | D:2      | Killed Terence
  1011 | D:2      | Found a hide-covered altar of Uskayaw.
  1190 | D:2      | Reached XP level 4. HP: 27/29 MP: 4/4
  1614 | D:2      | Learned a level 3 spell: Ozocubu's Armour
  1790 | D:3      | Reached skill level 4 in Shapeshifting
  1843 | D:3      | Found Oryith's Distillery.
  1929 | D:3      | Found a runed translucent door.
  2364 | D:3      | Noticed BadtimePacifist's ghost (weakling GrGl)
  2475 | D:3      | Slain by BadtimePacifist's ghost

Illustrated notes

Levels and vault maps discovered:
D:1:      giann_forest_graveyard, layout_basic, serial_shops,
          nicolae_shop_dealshenge
D:2:      minmay_wonky_spiral, layout_basic, basic_altar,
          minmay_misc_feat_doors, uniq_terence
D:3:      layout_loops_ring, serial_shops, nicolae_shop_pleasant_corner_grove,
          ebering_ghost_reflecting_pool

Skill      XL: |  1  2  3  4 |
---------------+-------------+-----
Fighting       | 2 |  2.1
Shapeshifting  | 4 |  4.1
Dodging        | |  2.0
Unarmed Combat | |  3.6
Spellcasting   | |  0.4
Ice Magic      | |  0.4

Action                     |  1- 3 |  4- 6 || total
---------------------------+-------+-------++-------
  Melee: Unarmed           |    59 |    57 ||   116
         Constrict         |    12 |    10 ||    22
         Tentacles         |     9 |    11 ||    20
         Punch             |     1 |     1 ||     2
    Use: Potion            |       |     1 ||     1
   Stab: Sleeping          |     5 |     3 ||     8
 Armour: Skin              |    20 |    28 ||    48
  Dodge: Dodged            |    36 |    27 ||    63
   Form: Storm             |       |     1 ||     1
         Beast             |       |     1 ||     1

Table legend: (Time is in decaauts)
 A = Elapsed time spent in this place.
 B = Non-inter-level travel time spent in this place.
 C = Inter-level travel time spent in this place.
 D = Time resting spent in this place.
 E = Time spent auto-exploring this place.
 F = Levels seen in this place.
 G = Mean time per level.
                   A        B        C        D        E       F      G
               +--------+--------+--------+--------+--------+-----+--------+
         Total |   2467 |   2343 |    124 |      0 |   1987 |   3 |  822.3 |
       Dungeon |   2467 |   2343 |    124 |      0 |   1987 |   3 |  822.3 |
               +--------+--------+--------+--------+--------+-----+--------+

Top non-repeatable levels by time:
     D:1: 899 daAuts
     D:2: 790 daAuts
     D:3: 777 daAuts
